 Dungeon Crawl Stone Soup version 0.30-a0-779-g7971cf19c3 (webtiles) character file.

Game seed: 418339810144325466

3332 cforsyth the Protected (level 10, 0/61 (65) HPs)
             Began as a Tengu Conjurer on Feb 17, 2023.
             Was a Follower of Vehumet.
             Slain by a wolf (7 damage)
             ... on level 7 of the Dungeon.
             The game lasted 00:28:25 (12479 turns).

cforsyth the Protected (Tengu Conjurer)            Turns: 12479, Time: 00:28:26

HP:   0/61 (65)     AC: 10    Str: 13    XL:     10   Next: 2%
MP:   10/16         EV: 11    Int: 18    God:    Vehumet [*.....]
Gold: 487           SH:  0    Dex: 12    Spells: 14/15 levels left

rFire   . . .      SeeInvis +    y - +6 mace
rCold   . . .      Faith    .    (no shield)
rNeg    . . .      Spirit   .    l - +0 scale mail
rPois   .          Reflect  .    (helmet restricted)
rElec   .          Harm     .    (no cloak)
rCorr   .          Rampage  .    s - +1 pair of gloves
Will    +....                    (boots unavailable) Stlth
                                 (no amulet)
HPRegen 0.30/turn                h - ring of see invisible
MPRegen 0.15/turn                H - ring of willpower

@: flying quickly and evasively, drained, quick
A: beak, talons 3, nimble flight
a: Renounce Religion


You were on level 7 of the Dungeon.
You worshipped Vehumet.
Vehumet was aware of your devotion.
You visited 2 branches of the dungeon, and saw 9 of its levels.
You also visited: Sewer.

You collected 487 gold pieces.

Inventory:

Hand Weapons
 m - a +1 dagger of draining
 u - a +2 hand axe of freezing
 y - a +6 mace (weapon)
Missiles
 I - 2 throwing nets
Armour
 a - a +0 robe
 l - a +0 scale mail (worn)
 s - a +1 pair of gloves (worn)
 E - a +0 cloak
Jewellery
 c - a ring of magical power
 h - a ring of see invisible (left hand)
 p - an amulet of faith
 r - the ring of Lomit {Fire *Corrode Fly rN+ Dex+9}
   (You found it on level 3 of the Dungeon)

   [ring of fire]

   It enhances your fire magic.
   Dex:       It affects your dexterity (+9).
   rF:        It protects you from fire.
   rC:        It makes you vulnerable to cold.
   rN:        It protects you from negative energy.
   Fly:       It grants you flight.
   *Corrode:  It may corrode you when you take damage.
 H - a ring of willpower (right hand)
Wands
 D - a wand of flame (23)
 J - a wand of polymorph (10)
 K - a wand of paralysis (10)
Scrolls
 e - a scroll of fear {unknown}
 f - a scroll of brand weapon {unknown}
 g - 2 scrolls of amnesia {unknown}
 k - a scroll of torment {unknown}
 n - a scroll of immolation {unknown}
 t - 4 scrolls of teleportation {unknown}
 v - a scroll of poison {unknown}
 w - a scroll of enchant weapon
 x - a scroll of vulnerability
 B - 2 scrolls of fog
 F - a scroll of acquirement {unknown}
Potions
 b - a potion of magic
 d - a potion of invisibility {unknown}
 i - a potion of lignification
 j - a potion of flight
 o - 2 potions of curing
 q - 2 potions of attraction
 z - a potion of mutation
 A - a potion of degeneration {unknown}
 C - a potion of brilliance
 G - a potion of might
 L - a potion of heal wounds


   Skills:
 + Level 8.5 Fighting
 + Level 9.3 Armour
 - Level 2.1 Dodging
 - Level 2.0 Stealth
 - Level 3.4 Spellcasting
 + Level 9.3 Conjurations


You had 14 spell levels left.
You knew the following spells:

 Your Spells              Type           Power      Damage    Failure   Level
a - Magic Dart            Conj           100%       1d8       1%          1

Your spell library contained the following spells:

 Spells                   Type           Power      Damage    Failure   Level
 Shock                    Conj/Air       76%        1d7       9%          1
 Searing Ray              Conj           72%        2d7       1%          2
 Dazzling Flash           Conj/Hex       38%        N/A       24%         3
 Stone Arrow              Conj/Erth      38%        3d9       24%         3
 Apportation              Tloc           6%         N/A       50%         1
 Fulminant Prism          Conj/Hex       9%         3d7       63%         4
 Iskenderun's Mystic Bla  Conj/Tloc      19%        2d6       63%         4
 Animate Armour           Summ/Erth      6%         N/A       99%         4
 Alistair's Intoxication  Tmut/Pois      2%         N/A       100%        5
 Lehudib's Crystal Spear  Conj/Erth      9%         10d4      100%        8


Dungeon Overview and Level Annotations

Branches:
Dungeon (8/15)             Temple (1/1) D:5           Sewer (visited)
   Lair: D:8-11

Altars:
Cheibriados
Dithmenos
Elyvilon
Fedhas
Hepliaklqana
Kikubaaqudgha
Makhleb
Nemelex Xobeh
Okawaru
Qazlal
Ru
Sif Muna
Trog
Uskayaw
Vehumet
Wu Jian
Yredelemnul
The Shining One

Shops:
D:1 ?   D:4 [

Annotations:
D:3 2 transporters, tarna41's ghost, weakling FeBe
D:5 Dowan; Duvessa; Prince Ribbit
D:7 1 runed translucent door, Crazy Yiuf


Innate Abilities, Weirdness & Mutations

You have a beak for a mouth.
You have claws for feet.
Your magical nature lets you fly swiftly and evasively.


Message History

You are too injured to fight recklessly!
Casting: Magic Dart (safe; 1% risk of failure)
Confirm with . or Enter, or press ? or * to list all spells.
Aiming: Magic Dart (safe; 1% risk of failure)
Press: ? - help, Shift-Dir - straight line, f - wolf
Aim: a wolf (heavily wounded, 100% to hit)
The magic dart hits the wolf.
The wolf is severely wounded.
The wolf bites you!
Casting: Magic Dart (safe; 1% risk of failure)
Confirm with . or Enter, or press ? or * to list all spells.
Aiming: Magic Dart (safe; 1% risk of failure)
Press: ? - help, Shift-Dir - straight line, f/p - wolf
Aim: a wolf (severely wounded, 100% to hit)
The magic dart hits the wolf but does no damage.
The wolf is severely wounded.
The wolf bites you.
* * * LOW HITPOINT WARNING * * *
The wolf bites you.
* * * LOW HITPOINT WARNING * * *
Unknown command.
Casting: Magic Dart (safe; 1% risk of failure)
Confirm with . or Enter, or press ? or * to list all spells.
Aiming: Magic Dart (safe; 1% risk of failure)
Press: ? - help, Shift-Dir - straight line, f/p - wolf
Aim: a wolf (severely wounded, 100% to hit)
The magic dart hits the wolf.
The wolf is almost dead.
The wolf bites you!
* * * LOW HITPOINT WARNING * * *
The wolf closely misses you.
Casting: Magic Dart (safe; 1% risk of failure)
Confirm with . or Enter, or press ? or * to list all spells.
Aiming: Magic Dart (safe; 1% risk of failure)
Press: ? - help, Shift-Dir - straight line, f/p - wolf
Aim: a wolf (almost dead, 100% to hit)
The magic dart hits the wolf.
The wolf is almost dead.
The wolf bites you!
You die...

#.# #.##....>..###.##......
#####.# #..#####....##.##......
#.<...# #..#####.##...........#
#.###.#####..##......###.##.##..#
#.# #...........>................
#.# #.[....####.#.##.#####.......
#.########## #....##.# #...####
.....# #.h####.# #...# #.##.#
#..@....# #...# ..####
#####...#####...#### ..#
###............. #.#
♣♣♣♣♣##.........[..... ..# ###
♣♣♣.♣..#.##............. #.#
#...#♣..♣........#####...#### #.#
#...+.♣♣♣♣P......# #...# ..#
#)..#♣♣ ♣♣P#..)## #...# ..# ###
♣♣###)# #...#


You could see a wolf.

Vanquished Creatures
  Sigmund (D:3)
  A sky beast (D:7)
  3 black bears
  An ice beast (D:5)
  5 ogres
  2 centaurs
  A phantom (D:6)
  4 kobold brigands
  2 bullfrogs (D:7)
  6 scorpions
  A gnoll sergeant (D:4)
  A necrophage (D:7)
  5 wights
  4 killer bees
  A howler monkey (D:7)
  A jelly (D:4)
  An orc priest (D:4)
  3 hounds
  4 iguanas
  Jessica (D:2)
  Ijyb (D:5)
  Robin (D:2)
  11 gnolls
  10 adders
  3 river rats (Sewer)
  2 shadow imps
  3 white imps (D:6)
  2 dart slugs (D:2)
  19 orcs
  5 bats
  8 endoplasms
  3 giant cockroaches
  16 goblins
  5 hobgoblins
  7 jackals
  11 kobolds
  3 quokkas
  7 ball pythons
  11 frilled lizards
  6 rats
182 creatures vanquished.

Vanquished Creatures (others)
  2 fungi (D:7)
  67 plants
69 creatures vanquished.

Grand Total: 251 creatures vanquished

Notes
Turn   | Place    | Note
-------+----------+-------------------------------------------
     0 | D:1      | cforsyth the Tengu Conjurer began the quest for the Orb.
     0 | D:1      | Reached XP level 1. HP: 10/10 MP: 4/4
   124 | D:1      | Found Ocorpher's Magic Scroll Emporium.
   282 | D:1      | Reached XP level 2. HP: 16/16 MP: 3/6
   542 | D:1      | Reached skill level 1 in Armour
   902 | D:2      | Noticed Jessica
  1121 | D:2      | Found a radiant altar of Vehumet.
  1190 | D:2      | Reached skill level 1 in Fighting
  1239 | D:2      | Reached XP level 3. HP: 20/20 MP: 4/7
  1317 | D:2      | Noticed Robin
  1644 | D:2      | Killed Jessica
  1645 | D:2      | Reached XP level 4. HP: 25/25 MP: 5/8
  2138 | D:2      | Killed Robin
  2579 | D:3      | Found a faded altar of an unknown god.
  2835 | D:3      | Noticed tarna41's ghost (weakling FeBe)
  2835 | D:3      | Identified the +9 great mace "Zyuniging" {venom, rN+}
  2835 | D:3      | Noticed an ogre
  2836 | D:3      | Found a transporter.
  2836 | D:3      | Noticed an ogre
  2838 | D:3      | Identified the ring of Lomit {Fire *Corrode Fly rN+ Dex+9}
  2841 | D:3      | Found a transporter.
  2961 | D:3      | Noticed Sigmund
  3030 | D:4      | Gained mutation: Your magical nature lets you fly swiftly
                  | and evasively. [Tengu growth]
  3030 | D:4      | Reached XP level 5. HP: 30/30 MP: 1/10
  3555 | D:4      | Found Egewib's Antique Armour Emporium.
  3915 | D:4      | Reached XP level 6. HP: 36/36 MP: 3/11
  4027 | D:4      | Found a shadowy altar of Dithmenos.
  4575 | D:5      | Entered Level 5 of the Dungeon
  4575 | D:5      | Noticed an ice beast
  4581 | D:5      | Found a glowing drain.
  4590 | Sewer    | Entered a sewer
  4872 | Sewer    | Reached XP level 7. HP: 41/41 MP: 7/13
  5987 | D:5      | Noticed Ijyb
  6096 | D:4      | Reached skill level 5 in Armour
  6157 | D:5      | Killed Ijyb
  6629 | D:4      | Reached skill level 5 in Fighting
  6629 | D:4      | Reached XP level 8. HP: 49/49 MP: 9/14
  6762 | D:3      | Killed Sigmund
  7300 | D:5      | Found a shimmering blue altar of Sif Muna.
  7358 | D:5      | Noticed Duvessa
  7373 | D:5      | Noticed Dowan
  7425 | D:5      | Found a white marble altar of Elyvilon.
  7496 | D:5      | Found a sacrificial altar of Ru.
  7626 | D:5      | Noticed Prince Ribbit
  7818 | D:5      | Found an ornate altar of the Wu Jian Council.
  8523 | D:5      | Found a staircase to the Ecumenical Temple.
  8531 | Temple   | Entered the Ecumenical Temple
  8667 | Temple   | Became a worshipper of Vehumet
  8952 | D:6      | Reached XP level 9. HP: 52/57 MP: 11/15
  9879 | D:6      | Found an iron altar of Okawaru.
 10322 | D:6      | HP: 2/58 [killer bee (8)]
 10721 | D:7      | Reached * piety under Vehumet
 10721 | D:7      | Offered knowledge of Shock by Vehumet.
 10996 | D:7      | Found a runed translucent door.
 10996 | D:7      | Noticed Crazy Yiuf
 12134 | D:7      | Reached XP level 10. HP: 48/64 MP: 13/16
 12479 | D:7      | Slain by a wolf

Illustrated notes

Levels and vault maps discovered:
D:1:      wheals_arrival_linesprint, layout_rooms, serial_shops, shop_scrolls,
          minmay_misc_feat_tower
D:2:      layout_basic, basic_altar, st_stairs_5, minmay_lizard_pond,
          uniq_robin, uniq_jessica
D:3:      layout_basic, ebering_ecumenical_altar_webs, gammafunk_ghost_smash,
          uniq_sigmund
D:4:      layout_basic, lemuel_tele_altar, serial_shops, shop
D:5:      layout_rooms, nicolae_sif_muna_condensation,
          nzn_wu_jian_contemplation, mainiacjoe_overflow_catch_the_wave,
          minmay_temple_entry_glassed_door, cheibrodos_sewer_entry_sluice,
          uniq_duvessa, uniq_ijyb, uniq_prince_ribbit1
D:6:      layout_gridville, kennysheep_okawaru_gauntlet, serial_bayou_lagoon_a
D:7:      layout_loops_cross, uniq_crazy_yiuf_cottage
D:8:      layout_basic, grunt_temple_overflow_gold_and_silver,
          evilmike_ruin_ashenzari, serial_ice, serial_ice_a, serial_ice_f,
          serial_ice_g, serial_ice_l, corexii_checkpoint_a
Temple:   hellmonk_temple_two_chambers

Skill      XL: |  1  2  3  4  5  6  7  8  9 |
---------------+----------------------------+-----
Armour         | 1 2 3 5 7 9 |  9.3
Fighting       | 1 2 3 5 7 8 |  8.5
Conjurations   | 6 9 |  9.3
Spellcasting   | 3 |  3.4
Dodging        | |  2.1
Stealth        | |  2.0

Action                     |  1- 3 |  4- 6 |  7- 9 | 10-12 || total
---------------------------+-------+-------+-------+-------++-------
  Melee: Unarmed           |    10 |     5 |       |       ||    15
         Peck              |     1 |     1 |    15 |       ||    17
         Kick              |     2 |     1 |    23 |       ||    26
         Hand axe          |       |     2 |       |       ||     2
         Mace              |       |     1 |    65 |       ||    66
         Punch             |       |       |     1 |       ||     1
   Cast: Magic Dart        |    54 |   136 |   462 |    31 ||   683
    Use: Potion            |       |       |     5 |       ||     5
         Scroll            |       |       |     9 |     1 ||    10
 Armour: Robe              |     5 |       |       |       ||     5
         Scale mail        |       |    17 |   104 |    10 ||   131
  Dodge: Dodged            |    18 |    13 |   129 |    12 ||   172

Table legend: (Time is in decaauts)
 A = Elapsed time spent in this place.
 B = Non-inter-level travel time spent in this place.
 C = Inter-level travel time spent in this place.
 D = Time resting spent in this place.
 E = Time spent auto-exploring this place.
 F = Levels seen in this place.
 G = Mean time per level.
                   A        B        C        D        E       F      G
               +--------+--------+--------+--------+--------+-----+--------+
         Total |  12034 |  11570 |    464 |   1118 |   7946 |  10 | 1203.4 |
       Dungeon |  10588 |  10133 |    455 |    936 |   7035 |   8 | 1323.5 |
        Temple |    131 |    123 |      8 |      0 |      7 |   1 |  131.0 |
         Sewer |   1314 |   1314 |      0 |    182 |    903 |   1 | 1314.0 |
               +--------+--------+--------+--------+--------+-----+--------+

Top non-repeatable levels by time:
     D:4: 2530 daAuts
     D:6: 1772 daAuts
     D:7: 1687 daAuts
   Sewer: 1314 daAuts
     D:1: 1277 daAuts
     D:2: 1241 daAuts
     D:5: 1189 daAuts
     D:3: 767 daAuts
  Temple: 131 daAuts
     D:8: 122 daAuts
